 Dungeon Sprint DCSS version 0.21.0-3-g78d12a8 (webtiles) character file.

1168 wojtek the Cleaver (level 8, -10/85 HPs)
             Began as a Minotaur Berserker on Jan 13, 2018.
             Was a High Priest of Trog.
             Mangled by a spatial vortex (14 damage)
             ... in the Dungeon (Sprint III: "The Ten Rune Challenge").
             The game lasted 00:02:09 (720 turns).

wojtek the Cleaver (Minotaur Berserker)              Turns: 720, Time: 00:02:10

Health: -10/85     AC:  3    Str: 25    XL:     8   Next: 17%
Magic:  7/7        EV: 15    Int:  4    God:    Trog [*****.]
Gold:   27         SH:  0    Dex:  9    Spells: 7/7 levels left

rFire    . . .     SeeInvis .   a - +0 hand axe
rCold    . . .     Gourm    .   (no shield)
rNeg     . . .     Faith    .   b - +0 animal skin
rPois    .         Spirit   .   (helmet restricted)
rElec    .         Reflect  .   (no cloak)
rCorr    .         Harm     .   r - +0 pair of gloves
MR       .....     NoTele   +   (no boots)
Stlth    +.........             (no amulet)
HPRegen  0.24/turn              (no ring)
MPRegen  0.10/turn              (no ring)

@: no status effects
A: retaliatory headbutt, horns 2
a: Berserk, Trog's Hand, Brothers in Arms, Burn Spellbooks, Renounce Religion


You were in the Dungeon.
You worshipped Trog.
Trog was extremely pleased with you.
You were not hungry.

You visited 1 branch You collected 27 gold pieces.

Inventory:

Hand Weapons
 a - a +0 hand axe (weapon)
Armour
 b - a +0 animal skin (worn)
 r - a +0 pair of gloves (worn)
Scrolls
 i - a scroll of blinking
 l - a scroll of torment {unknown}
 m - 2 scrolls of identify {unknown}
 n - 4 scrolls of remove curse
 p - a scroll of holy word {unknown}
Potions
 d - a potion of curing
 e - 3 potions of heal wounds
 f - a potion of haste
 g - 2 potions of magic
 h - a potion of berserk rage
 k - 4 potions of mutation {unknown}
 o - 3 potions of flight
Books
 j - a book of Minor Magic

   Spells                             Type                      Level
   a - Magic Dart                     Conjuration                  1
   b - Blink                          Translocation                2
   c - Call Imp                       Summoning                    2
   d - Slow                           Hexes                        2
   e - Conjure Flame                  Conjuration/Fire             3
   f - Mephitic Cloud                 Conjuration/Poison/Air       3
   Trog disapproves of the use of such an item.
Comestibles
 c - 4 rations
 q - 2 chunks of flesh


   Skills:
 + Level 12.8 Fighting
 + Level 13.7 Axes
 + Level 6.9 Armour
 + Level 8.1 Dodging
 + Level 0.1 Stealth


You had 7 spell levels left.
You didn't know any spells.

Dungeon Overview and Level Annotations

Branches:
Dungeon (1/1)

Altars:
Cheibriados
Dithmenos
Elyvilon
Fedhas
Gozag
Hepliaklqana
Kikubaaqudgha
Makhleb
Nemelex Xobeh
Okawaru
Qazlal
Ru
Sif Muna
Trog
Uskayaw
Vehumet
Wu Jian
Xom
Yredelemnul
Zin
The Shining One
Beogh
Jiyva
Lugonu


Innate Abilities, Weirdness & Mutations

You reflexively headbutt those who attack you in melee.
You have a pair of horns on your head.


Message History

There is a snail-covered altar of Cheibriados here.
The spatial vortex hits you!! Space bends around you.
There is a hazy altar of Hepliaklqana, spattered with blood here.
You hit the spatial vortex.
The spatial vortex is lightly damaged.
You slash the spatial vortex!
Your headbutt misses the spatial vortex.
The spatial vortex is moderately damaged.
You slash the spatial vortex!
The spatial vortex is heavily damaged.
You barely miss the spatial vortex. You headbutt the spatial vortex!
The spatial vortex is severely damaged.
The spatial vortex hits you!!
* * * LOW HITPOINT WARNING * * *
Space bends around you.
* * * LOW HITPOINT WARNING * * *
The spatial vortex hits you!
* * * LOW HITPOINT WARNING * * *
Space warps horribly around you!
You die...

...#####..#___#___#__#
....#..#..#)..#__.#)_#
#...#..#..###'#)###†##
##..##'#..#..........#
##..###...'.⌠........#
#.[####...#...######'#
#..###....#.⌠.#__#...#
...##.....#...#__#...#
...#......#'###_@#...#
.##.#.....#.))#_v#...+
.#####....#___#__'...#
▓▓ ▓▓▓▓▓▓▓▓▓▓▓▓▓▓▓▓▓


You could see a spatial vortex.

Vanquished Creatures
  A deep elf mage (D)
  A shadow (D)
  A necrophage (D)
  A water elemental (D)
  A scorpion (D)
  A wizard (D)
  A jelly (D)
  Jessica (D)
  A necromancer (D)
  3 humans (D)
  A kobold demonologist (D)
  An ooze (D)
  2 rats (D)
16 creatures vanquished.

Vanquished Creatures (others)
  2 draconian scorchers (D)
  6 hellions (D)
  A yaktaur (D)
9 creatures vanquished.

Grand Total: 25 creatures vanquished

Notes
Turn   | Place    | Note
-------+----------+-------------------------------------------
     0 | D        | wojtek the Minotaur Berserker began the quest for the Orb.
     0 | D        | Reached XP level 1. HP: 19/19 MP: 0/0
    15 | D        | Reached skill level 4 in Axes
    46 | D        | Reached ** piety under Trog
    68 | D        | Killed a hellion
    75 | D        | Noticed Jessica
    80 | D        | Killed Jessica
    80 | D        | Reached skill level 5 in Fighting
    80 | D        | Reached skill level 6 in Axes
    80 | D        | Reached XP level 2. HP: 23/30 MP: 1/1
    80 | D        | Reached XP level 3. HP: 28/37 MP: 2/2
   107 | D        | Killed a hellion
   109 | D        | Killed a hellion
   109 | D        | Killed a hellion
   127 | D        | Killed a hellion
   159 | D        | Noticed a scorpion
   161 | D        | Killed a scorpion
   161 | D        | Reached skill level 7 in Axes
   161 | D        | Reached XP level 4. HP: 47/47 MP: 3/3
   163 | D        | Killed a white draconian scorcher
   166 | D        | Reached *** piety under Trog
   168 | D        | Killed a white draconian scorcher
   186 | D        | Killed a hellion
   202 | D        | Noticed a water elemental
   206 | D        | Killed a water elemental
   206 | D        | Reached skill level 8 in Axes
   206 | D        | Reached XP level 5. HP: 56/56 MP: 4/4
   266 | D        | Found a radiant altar of Vehumet.
   266 | D        | Found a deep blue altar of Sif Muna.
   266 | D        | Found an ancient bone altar of Kikubaaqudgha.
   269 | D        | Reached skill level 9 in Axes
   271 | D        | Noticed a sun demon
   276 | D        | Reached **** piety under Trog
   298 | D        | Killed a yaktaur
   345 | D        | Found a glowing silver altar of Zin.
   345 | D        | Found a glowing golden altar of the Shining One.
   345 | D        | Found a white marble altar of Elyvilon.
   346 | D        | Noticed a deep elf mage
   354 | D        | Killed a deep elf mage
   354 | D        | Reached skill level 12 in Axes
   354 | D        | Reached XP level 6. HP: 68/68 MP: 5/5
   354 | D        | Reached XP level 7. HP: 74/74 MP: 6/6
   395 | D        | Found a hide-covered altar of Uskayaw.
   395 | D        | Found a roughly hewn altar of Beogh.
   395 | D        | Found an iron altar of Okawaru.
   395 | D        | Found a bloodstained altar of Trog.
   395 | D        | Found an ornate altar of the Wu Jian Council.
   395 | D        | Noticed a human
   395 | D        | Noticed a human
   402 | D        | Killed a human
   411 | D        | Killed a human
   411 | D        | Reached skill level 13 in Axes
   504 | D        | Found a basalt altar of Yredelemnul.
   504 | D        | Found a shadowy altar of Dithmenos.
   504 | D        | Found a sacrificial altar of Ru.
   511 | D        | Reached ***** piety under Trog
   524 | D        | Noticed a shadow
   532 | D        | Reached XP level 8. HP: 59/85 MP: 7/7
   713 | D        | Found a blossoming altar of Fedhas.
   713 | D        | Found a stormy altar of Qazlal.
   713 | D        | Found a snail-covered altar of Cheibriados.
   713 | D        | Found a burning altar of Makhleb.
   713 | D        | Found a shimmering altar of Xom.
   714 | D        | Found a hazy altar of Hepliaklqana.
   714 | D        | Found an opulent altar of Gozag.
   714 | D        | Found a sparkling altar of Nemelex Xobeh.
   714 | D        | Found a corrupted altar of Lugonu.
   714 | D        | Found a viscous altar of Jiyva.
   720 | D        | HP: 4/85 [spatial vortex (17)]
   720 | D        | Mangled by a spatial vortex

Skill      XL: |  1  2  3  4  5  6  7  8 |
---------------+-------------------------+-----
Fighting       | 5 7 8 11 12 | 12.8
Axes           | 6 7 8 12 13 | 13.7
Armour         | 3 4 6 |  6.9
Dodging        | 3 4 6 7 8 |  8.1
Stealth        | |  0.1

Action                   |  1- 3 |  4- 6 |  7- 9 || total
-------------------------+-------+-------+-------++-------
Melee: Hand axe          |    10 |    19 |    31 ||    60
       Headbutt          |     3 |     4 |     7 ||    14
Invok: Berserk           |     1 |     3 |     1 ||     5
  Eat: Chunk             |       |     1 |     3 ||     4
Armor: Animal skin       |     1 |     4 |     3 ||     8
Dodge: Dodged            |     4 |    20 |    13 ||    37
